 Dungeon Crawl Stone Soup version 0.26-a0-597-gb535b09 (webtiles) character file.

Game seed: 4878110707824478746

221 2tousent the Ruffian (level 5, -3/42 HPs)
             Began as a Draconian Transmuter on Aug 26, 2020.
             Slain by Grinder (8 damage)
             ... on level 3 of the Dungeon.
             The game lasted 00:09:29 (3085 turns).

2tousent the Ruffian (Draconian Transmuter)         Turns: 3085, Time: 00:09:29

Health: -3/42      AC:  2    Str: 13    XL:     5   Next: 65%
Magic:  2/8        EV: 20    Int: 13    God:
Gold:   40         SH:  0    Dex: 17    Spells: 2/8 levels left

rFire    . . .     SeeInvis .     - Unarmed
rCold    . . .     Faith    .   (shield currently unavailable)
rNeg     . . .     Spirit   .   (armour unavailable)
rPois    x         Reflect  .   (helmet currently unavailable)
rElec    .         Harm     .   (cloak currently unavailable)
rCorr    .                      (gloves currently unavailable)
MR       .....                  (boots currently unavailable)
Stlth    ++........             (no amulet)
HPRegen  0.14/turn              (no ring)
MPRegen  0.11/turn              (no ring)

@: spider-form (expiring)
A: tiny, unfitting armour, AC +5
a: End Transformation


You were on level 3 of the Dungeon.
You were a venomous arachnid creature.
You visited 1 branch of the dungeon, and saw 3 of its levels.

You collected 40 gold pieces.

Inventory:

Armour
 g - a +2 pair of boots (melded)
Jewellery
 m - an uncursed amulet of regeneration {unknown}
Scrolls
 a - a scroll of teleportation {unknown}
 c - a scroll of enchant armour {unknown}
 d - 5 scrolls of identify {unknown}
 e - a scroll of immolation {unknown}
 f - a scroll of blinking {unknown}
 k - a scroll of fear {unknown}
Potions
 b - a potion of brilliance {unknown}
 h - 2 potions of flight {unknown}
 i - a potion of lignification {unknown}
 j - 3 potions of stabbing {unknown}
 l - a potion of might {unknown}


   Skills:
 + Level 2.5 Fighting
 + Level 2.6 Dodging
 * Level 4.3 Unarmed Combat
 + Level 2.2 Spellcasting
 * Level 3.7 Transmutations


You had 2 spell levels left.
You knew the following spells:

 Your Spells              Type           Power        Failure   Level
a - Beastly Appendage     Tmut           ##....       16%         1
b - Wereblood             Tmut           ##......     22%         2
c - Spider Form           Tmut/Pois      #.........   56%         3

Your spell library contained the following spells:

 Spells                   Type           Power        Failure   Level
 Ice Form                 Ice/Tmut       #.......     89%         4
 Blade Hands              Tmut           ##........   94%         5


Dungeon Overview and Level Annotations

Branches:
Dungeon (3/15)

Altars:

Annotations:
D:3 Grinder


Innate Abilities, Weirdness & Mutations

((Your plain brown scales are hard. (AC +5)))
You cannot fit into any form of body armour.
((You are cold-blooded and may be slowed by cold attacks.))


Message History

Grinder closely misses you.
You hit Grinder but do no damage.
Grinder is lightly wounded.
Grinder hits you.
You writhe in agony.
You barely miss Grinder.
Grinder is lightly wounded.
Grinder completely misses you.
You barely miss Grinder.
Grinder is lightly wounded.
Grinder looks more healthy.
You hit Grinder.
Grinder is poisoned.
Grinder is moderately wounded.
Grinder hits you.
* * * LOW HITPOINT WARNING * * *
You writhe in agony.
* * * LOW HITPOINT WARNING * * *
You bite Grinder!
Grinder is heavily wounded.
Grinder hits you!
You die...

..........## #....
............# #....
..........<.# #....
............########...#
.....?.!................
............####.[.....#
............# #.......#
.......5...## #.......#
..##..s.$## ##.######
###.### ###..# #)##
#...## #..# #.### ##...#
#^# ##### ###.# #.#
#.<.# .# ..# ###)# # ###
#.# #)##


You could see Grinder (very poisoned).

Vanquished Creatures
  A hound (D:2)
  3 orc wizards (D:3)
  A gnoll (D:1)
  5 adders
  A worm (D:3)
  6 orcs (D:3)
  A ball python (D:1)
  2 giant cockroaches (D:1)
  5 hobgoblins
  7 kobolds
  A quokka (D:2)
  3 bats (D:1)
  5 frilled lizards
  2 goblins
  11 rats
54 creatures vanquished.

Notes
Turn   | Place    | Note
-------+----------+-------------------------------------------
     0 | D:1      | 2tousent the Draconian Transmuter began the quest for the
                  | Orb.
     0 | D:1      | Reached XP level 1. HP: 16/16 MP: 3/3
   245 | D:1      | Reached XP level 2. HP: 23/23 MP: 3/5
   921 | D:1      | Reached XP level 3. HP: 27/28 MP: 3/6
  1483 | D:2      | Reached XP level 4. HP: 6/36 MP: 7/7
  2359 | D:3      | Noticed Grinder
  2369 | D:2      | Learned a level 2 spell: Wereblood
  2373 | D:2      | Learned a level 3 spell: Spider Form
  2716 | D:3      | Reached skill level 4 in Unarmed Combat
  2728 | D:3      | Reached XP level 5. HP: 26/41 MP: 2/8
  3085 | D:3      | Slain by Grinder

Illustrated notes

Levels and vault maps discovered:
D:1:      dpeg_arrival_renting, layout_basic
D:2:      layout_loops_cross
D:3:      layout_rooms, uniq_grinder

Skill      XL: |  1  2  3  4 |
---------------+-------------+-----
Dodging        | 2 |  2.6
Fighting       | 2 |  2.5
Transmutations | 3 |  3.7
Unarmed Combat | 4 |  4.3
Spellcasting   | |  2.2

Action                   |  1- 3 |  4- 6 || total
-------------------------+-------+-------++-------
Melee: Unarmed           |    97 |   111 ||   208
       Headbutt          |    15 |    12 ||    27
       Tailslap          |    15 |    10 ||    25
       Kick              |    10 |    13 ||    23
       Punch             |     2 |       ||     2
 Cast: Beastly Appendage |    21 |    17 ||    38
       Wereblood         |       |     2 ||     2
       Spider Form       |       |     2 ||     2
Armor: Skin              |    31 |    15 ||    46
Dodge: Dodged            |    64 |    60 ||   124

Table legend: (Time is in decaauts)
 A = Elapsed time spent in this place.
 B = Non-inter-level travel time spent in this place.
 C = Inter-level travel time spent in this place.
 D = Time resting spent in this place.
 E = Time spent auto-exploring this place.
 F = Levels seen in this place.
 G = Mean time per level.
                   A        B        C        D        E       F      G
               +--------+--------+--------+--------+--------+-----+--------+
         Total |   3078 |   2984 |     94 |    718 |   1769 |   3 | 1026.0 |
       Dungeon |   3078 |   2984 |     94 |    718 |   1769 |   3 | 1026.0 |
               +--------+--------+--------+--------+--------+-----+--------+

Top non-repeatable levels by time:
     D:1: 1369 daAuts
     D:2: 1293 daAuts
     D:3: 414 daAuts
